 Dungeon Crawl Stone Soup version 0.24.0-123-gd5b16e6ec5 (webtiles) character file.

Game seed: 822709962781402204, levelgen mode: deterministic

54366 FishyPogo the Blocker (level 14, -1/90 HPs)
             Began as a Gargoyle Fighter on Feb 3, 2020.
             Was a Plaything of Xom.
             Slain by a stone giant (18 damage)
             ... on level 1 of the Orcish Mines.
             The game lasted 01:07:05 (18553 turns).

FishyPogo the Blocker (Gargoyle Fighter)           Turns: 18553, Time: 01:07:06

Health: -1/90      AC: 29    Str: 28 (29) XL:     14   Next: 72%
Magic:  21/21      EV:  8    Int:  9 (11) God:    Xom [..*...]
Gold:   2286       SH: 14    Dex:  9      Spells: 12/13 levels left

rFire    + + .     SeeInvis .   a - +7 mace of the Sea {freeze, rC- rN+ MR++}
rCold    . . .     Gourm    .   c - +0 shield
rNeg     + + .     Faith    .   v - +0 plate armour
rPois    ∞         Spirit   .   (no helmet)
rElec    +         Reflect  .   T - scarf {rC+ rF+}
rCorr    .         Harm     .   (no gloves)
MR       +++..                  (no boots)
Stlth    ..........             b - amulet of regeneration
HPRegen  0.65/turn              O - ring of Jugeaka {rPois Str+4}
MPRegen  0.17/turn              K - ring of protection from fire

@: flying
A: big wings, fangs 1, talons 2, icy blue scales 1, camouflage 1, blurry vision
2, mutation resistance 1, negative energy resistance 1, sense surroundings 1,
shaggy fur 1, electricity resistance, strong 1, unbreathing, petrification
resistance, rot immunity, AC +10
a: Stop Flying, Renounce Religion


You were on level 1 of the Orcish Mines.
You worshipped Xom.
You were a toy of Xom.
You were not hungry.

You visited 3 branches of the dungeon, and saw 21 of its levels.
You also visited: Sewer.

You collected 2286 gold pieces.

Inventory:

Hand Weapons
 a - the +7 mace of the Sea (weapon) {freeze, rC- rN+ MR++}
   (You found it on level 10 of the Dungeon)

   It has been specially enchanted to freeze those struck by it, causing extra
   injury to most foes and up to half again as much damage against particularly
   susceptible opponents.
   It can also slow down cold-blooded creatures.
   It makes you vulnerable to cold.
   It protects you from negative energy.
   It affects your resistance to hostile enchantments.
Missiles
 n - a throwing net
 u - 25 boomerangs
 y - 39 poisoned darts
 z - 12 curare-tipped darts (quivered)
 G - 5 silver boomerangs
 I - 11 javelins
Armour
 c - a +0 shield (worn)
 v - a +0 plate armour (worn)
 T - a scarf of resistance (worn)
Jewellery
 b - an amulet of regeneration (around neck)
 K - a ring of protection from fire (right hand)
 L - an uncursed ring of see invisible
 O - the ring of Jugeaka (left hand) {rPois Str+4}
   (You found it on level 1 of the Lair of Beasts)

   [ring of poison resistance]

   It affects your strength (+4).
   It protects you from poison.
 R - an uncursed amulet of faith
 X - an uncursed ring of ice
Wands
 D - a wand of iceblast (29)
 J - a wand of random effects (25)
 M - a wand of flame (21)
 W - a wand of paralysis (15)
Scrolls
 g - 4 scrolls of enchant armour
 j - 13 scrolls of teleportation
 k - 11 scrolls of identify
 m - 4 scrolls of fog
 q - 4 scrolls of remove curse
 r - 4 scrolls of blinking
 w - 5 scrolls of fear
 E - 2 scrolls of magic mapping
 H - 4 scrolls of enchant weapon
 N - 2 scrolls of immolation
 Q - 3 scrolls of vulnerability
 U - a scroll of silence
Potions
 d - 8 potions of might
 e - a potion of berserk rage
 h - 8 potions of haste
 i - a potion of lignification
 s - 6 potions of curing
 t - 9 potions of heal wounds
 x - 2 potions of agility
 A - 5 potions of brilliance
 C - a potion of cancellation
 P - a potion of magic
 S - 2 potions of ambrosia
 Z - a potion of invisibility
Miscellaneous
 o - a phial of floods
 F - a fan of gales
Comestibles
 f - 51 rations
 l - 10 chunks of flesh


   Skills:
 + Level 11.2 Fighting
 + Level 10.9 Maces & Flails
 + Level 13.5 Armour
 + Level 13.8 Shields
 * Level 10.6 Evocations


You had 12 spell levels left.
You knew the following spells:

 Your Spells              Type           Power        Failure   Level  Hunger
a - Apportation           Tloc           #.....       97%         1    ##.....

Your spell library contained the following spells:

 Spells                   Type           Power        Failure   Level  Hunger
 Animate Skeleton         Necr           N/A          97%         1    ##.....
 Confusing Touch          Hex            #.....       97%         1    ##.....
 Infusion                 Chrm           #...         97%         1    ##.....
 Summon Small Mammal      Summ           #...         97%         1    ##.....
 Shroud of Golubria       Chrm/Tloc      #.....       99%         2    ###....
 Song of Slaying          Chrm           #.......     99%         2    ###....
 Regeneration             Chrm/Necr      #.........   100%        3    ####...
 Spectral Weapon          Hex/Chrm       #.......     100%        3    ####...


Dungeon Overview and Level Annotations

Branches:
Dungeon (13/15)            Temple (0/1) D:7            Lair (6/6) D:11
  Swamp (0/4) Lair:3       Spider (0/4) Lair:4        Slime (0/5) Lair:5
    Orc (2/2) D:10          Sewer (visited)
    Elf: Orc:2       Vaults: D:13-14

Altars:
Cheibriados
Fedhas
Gozag
Kikubaaqudgha
Nemelex Xobeh
Okawaru
Qazlal
Sif Muna
Xom
Beogh
Jiyva

Shops:
D:4 %   D:5 ?   D:6 %   D:7 [   D:10 %   Orc:2 (*

Portals:
Trove: D:11 (give +8 demon trident)

Annotations:
D:12 2 transporters, Tinen's ghost, journeyman TrMo
Lair:6 exclusion: oklob plant


Innate Abilities, Weirdness & Mutations

You are resistant to torment.
Your stone body is resilient. (AC +10)
You are immune to poison.
Your large and strong wings let you fly indefinitely.
You resist negative energy. (rN+)
You are resistant to electric shocks. (rElec)
You can survive without breathing.
You are immune to petrification.
You are immune to rotting.
You have very sharp teeth.
You have razor-sharp toenails.
You are partially covered in icy blue scales. (AC +2)
Your skin changes colour to match your surroundings (Stealth+).
Scrolls take you longer to read.
You are somewhat resistant to further mutation.
You passively map a small area around you.
You are covered in fur. (AC +1)
Your muscles are strong. (Str +2)


Message History

There is a stone staircase leading down here.
You sock the cyclops! You freeze the cyclops.
You claw the cyclops, but do no damage. You bite the cyclops.
The cyclops is moderately wounded.
The stone giant hits you! The cyclops hits you.
You bludgeon the cyclops!! You freeze the cyclops.
You claw the cyclops, but do no damage. Your bite misses the cyclops.
The cyclops is severely wounded.
You block the stone giant's attack.
Your plate armour prevents you from hitting the cyclops.
You bite the cyclops, but do no damage.
The cyclops is severely wounded.
The stone giant hits you but does no damage.
The cyclops hits you!
* * * LOW HITPOINT WARNING * * *
You hit the cyclops. You freeze the cyclops.
The cyclops is almost dead.
The stone giant hits you!!
You die...
Xom thinks this is hilarious!

#.# ##.## ##...# ###....##
##.#...>.#### ###
##.........#.####.##
####.............##...#
##.##..........)[[##..##
#........###.[.C@)....#
##.......##..[.C))...##
#.....[<#.##........##
##.##.)[).#........## ####
###......#........## #..##
#......###.......###...#
##............#.##....###
###..........####......##
##.#......[..###.........####


You could see a stone giant and a cyclops.

Vanquished Creatures
  An orc warlord (D:10)
  2 fire dragons (Lair:6)
  An ogre mage (D:12)
  The ghost of Weahiuno the Thaumaturge, a journeyman DEFE of Vehumet (Lair:2)
  Harold (D:7)
  A rakshasa (D:13)
  6 hydras
  A catoblepas (Lair:1)
  8 two-headed ogres
  4 death yaks (Lair:5)
  A swamp dragon (Lair:6)
  2 unseen horrors
  A lindwurm (Lair:6)
  An orc knight (Orc:1)
  A wolf spider zombie (D:12)
  A manticore (D:12)
  Joseph (D:9)
  A centaur zombie (D:11)
  6 black mambas
  A gargoyle (D:11)
  7 spiny frogs
  4 torpor snails (Lair:6)
  4 rime drakes
  6 komodo dragons
  A troll (D:12)
  A tengu conjurer (D:8)
  4 polar bears
  8 hornets
  13 blink frogs
  3 hippogriffs
  2 tyrant leeches (Lair:6)
  5 dream sheep (Lair:6)
  2 shadows
  A wraith (D:8)
  10 yaks
  5 basilisks
  A wyvern (Lair:3)
  6 vampire mosquitoes (D:12)
  A hungry ghost (D:11)
  5 steam dragons
  A warg (D:10)
  Menkaure (D:7)
  An acid dragon (shapeshifter) (D:13)
  8 water moccasins
  8 porcupines
  5 black bears
  2 ice beasts
  3 sky beasts
  12 orc warriors
  2 swamp drakes (Lair:6)
  A phantom (D:9)
  2 eyes of draining
  12 ogres
  A necrophage (D:9)
  18 crocodiles
  3 centaurs
  A big kobold (D:11)
  21 bullfrogs
  2 scorpions
  19 killer bees
  5 wights (D:11)
  3 howler monkeys
  8 crimson imps
  2 jellies
  A bullfrog zombie (D:9)
  A quasit (D:9)
  5 hounds
  12 orc priests
  14 orc wizards
  6 bullfrog skeletons
  3 centaur skeletons
  2 iguanas
  Terence (D:3)
  14 worker ants
  4 hell rats (Lair:4)
  A killer bee zombie (D:7)
  2 hound skeletons
  A worker ant zombie (D:11)
  A howler monkey skeleton (D:6)
  14 adders
  2 gnolls
  6 river rats (Sewer)
  A shadow imp (D:11)
  2 oozes
  An adder zombie (D:6)
  2 adder skeletons
  4 worms
  2 dart slugs
  5 leopard geckos
  53 orcs
  6 ball pythons
  6 giant cockroaches
  13 goblins
  13 hobgoblins
  10 jackals
  22 kobolds
  A quokka (D:5)
  3 bats
  6 frilled lizards
  A giant cockroach zombie (D:6)
  A jackal zombie (D:8)
  A quokka zombie (D:8)
  28 rats
  20 plants
563 creatures vanquished.

Vanquished Creatures (collateral kills)
  A lindwurm (Lair:6)
  A torpor snail (Lair:6)
  A tengu conjurer (D:8)
  A hornet (Lair:6)
  A tyrant leech (Lair:6)
  2 blink frogs (Lair:2)
  2 vampire mosquitoes (D:9)
  A bullfrog (D:8)
  An orc wizard (D:8)
  An adder (D:8)
  2 orcs (D:8)
14 creatures vanquished.

Vanquished Creatures (others)
  A dancing weapon (D:13)
  An unseen horror (D:11)
  A spiny frog (Lair:2)
  A water moccasin (Lair:2)
  5 fungi
  10 plants
19 creatures vanquished.

Grand Total: 596 creatures vanquished

Notes
Turn   | Place    | Note
-------+----------+-------------------------------------------
     0 | D:1      | FishyPogo the Gargoyle Fighter began the quest for the Orb.
     0 | D:1      | Reached XP level 1. HP: 14/14 MP: 1/1
    94 | D:1      | Reached XP level 2. HP: 8/19 MP: 2/2
   316 | D:1      | Reached XP level 3. HP: 8/23 MP: 3/3
   949 | D:2      | Found an opulent altar of Gozag.
  1451 | D:2      | Reached XP level 4. HP: 25/29 MP: 4/4
  1621 | D:3      | Noticed Terence
  1641 | D:3      | Killed Terence
  1710 | D:3      | Reached XP level 5. HP: 21/33 MP: 5/5
  2201 | D:3      | Found a shimmering altar of Xom.
  2201 | D:3      | Found a sparkling altar of Nemelex Xobeh.
  2204 | D:3      | Found an ancient bone altar of Kikubaaqudgha.
  2286 | D:3      | Became a worshipper of Xom of Chaos
  2333 | D:4      | Found a stormy altar of Qazlal.
  2390 | D:4      | Found a shimmering blue altar of Sif Muna.
  2413 | D:4      | XOM: potion effect (haste)
  2518 | D:4      | Found Jimac's Food Boutique.
  2532 | D:4      | You fall into a shaft and drop 3 floors!
  2533 | D:7      | Found a blossoming altar of Fedhas.
  2546 | D:7      | Noticed a centaur
  2554 | D:7      | Found Kaxkoasa's Armour Emporium.
  2562 | D:6      | XOM: harmless Fire miscast
  2571 | D:6      | Reached skill level 5 in Shields
  2590 | D:6      | XOM: harmless Air miscast
  2591 | D:6      | XOM: potion effect (agility)
  2605 | D:6      | XOM: harmless Conj miscast
  2624 | D:6      | Reached XP level 6. HP: 37/39 MP: 6/6
  2642 | D:6      | XOM: potion effect (invisibility)
  2650 | D:6      | XOM: enchant monster (bad)
  2783 | D:6      | XOM: 2-stop teleportation journey
  2843 | D:6      | XOM: smoke on damage
  2907 | D:6      | Found a glowing drain.
  2911 | Sewer    | Entered a sewer
  3003 | Sewer    | XOM: 9-stop teleportation journey
  3131 | Sewer    | Reached skill level 5 in Armour
  3389 | Sewer    | XOM: give mutations
  3389 | Sewer    | Gained mutation: You have very sharp teeth. [Xom's grace]
  3389 | Sewer    | Gained mutation: Your skin changes colour to match your
                  | surroundings (Stealth+). [Xom's grace]
  3389 | Sewer    | Gained mutation: You are robust. (+10% HP) [Xom's grace]
  3389 | Sewer    | Gained mutation: You have sharp toenails. [Xom's grace]
  3412 | Sewer    | Reached XP level 7. HP: 34/48 MP: 7/7
  3709 | Sewer    | XOM: give mutations
  3709 | Sewer    | Gained mutation: You expend magic power (3 MP) to
                  | strengthen your wands. [Xom's grace]
  3709 | Sewer    | Gained mutation: You are partially covered in icy blue
                  | scales. (AC +2) [Xom's grace]
  3811 | D:6      | Found Jedocyps's Food Shop.
  3873 | D:5      | Entered Level 5 of the Dungeon
  3885 | D:5      | XOM: harmless Tloc miscast
  3895 | D:5      | XOM: polymorph scorpion -> howler monkey
  3955 | D:5      | XOM: give mutations
  3955 | D:5      | Lost mutation: You are robust. (+10% HP) [Xom's mischief]
  3955 | D:5      | Gained mutation: You are clumsy. (Dex -2) [Xom's mischief]
  4158 | D:4      | Found a roughly hewn altar of Beogh.
  4429 | D:5      | Noticed Ijyb
  4438 | D:5      | Noticed Ijyb
  4438 | D:5      | Ijyb changed into Ijyb the porcupine
  4438 | D:5      | XOM: polymorph Ijyb -> Ijyb the porcupine
  4443 | D:5      | Reached skill level 5 in Fighting
  4445 | D:5      | Killed Ijyb the porcupine
  4457 | D:5      | Found Xaav's Magic Scroll Shop.
  4755 | D:5      | Reached XP level 8. HP: 49/49 MP: 8/8
  4888 | D:5      | XOM: mild Pois miscast
  4939 | D:6      | Found an iron altar of Okawaru.
  4947 | D:6      | XOM: summons friendly quasit
  5100 | D:6      | XOM: potion effect (agility)
  5487 | D:7      | Noticed Harold
  5515 | D:7      | XOM: blink monster(s)
  5521 | D:7      | Killed Harold
  5521 | D:7      | Reached skill level 5 in Maces & Flails
  5521 | D:7      | Reached XP level 9. HP: 41/55 MP: 9/9
  5522 | D:7      | Found a staircase to the Ecumenical Temple.
  5526 | D:7      | XOM: confuse monster(s)
  5557 | D:7      | XOM: potion effect (curing)
  5605 | D:7      | Noticed a hornet
  5619 | D:7      | Killed a hornet
  5662 | D:7      | XOM: scenery: create altars
  5808 | D:7      | Noticed Menkaure
  5819 | D:7      | Killed Menkaure
  6023 | D:7      | XOM: fog
  6229 | D:7      | XOM: give mutations
  6229 | D:7      | Gained mutation: You are covered in fur. (AC +1) [Xom's
                  | grace]
  6229 | D:7      | Gained mutation: You possess an exceptional clarity of
                  | mind. [Xom's grace]
  6229 | D:7      | Gained mutation: Your natural rate of healing is unusually
                  | fast. [Xom's grace]
  6330 | D:8      | XOM: mild Air miscast
  6453 | D:8      | Noticed a tengu conjurer
  6459 | D:8      | Noticed a tengu conjurer
  6481 | D:8      | XOM: enchant monster (good)
  6523 | D:8      | XOM: summons 7 friendly demons
  6549 | D:8      | XOM: scenery: create altars
  6558 | D:8      | XOM: cast spell 'Monstrous Menagerie'
  6569 | D:8      | Reached XP level 10. HP: 50/63 MP: 10/10
  6609 | D:8      | XOM: 3-stop teleportation journey
  6617 | D:8      | Got an encrusted quarterstaff
  7055 | D:9      | Noticed Joseph
  7064 | D:9      | XOM: cleaving
  7081 | D:9      | Killed Joseph
  7081 | D:9      | Reached skill level 10 in Shields
  7156 | D:9      | XOM: smoke on damage
  7320 | D:9      | XOM: blink monster(s)
  7322 | D:9      | XOM: swap monsters
  7383 | D:9      | Noticed a two-headed ogre
  7407 | D:9      | Killed a two-headed ogre
  7407 | D:9      | Reached skill level 10 in Armour
  7438 | D:9      | XOM: blink monster(s)
  7457 | D:9      | Noticed a two-headed ogre
  7478 | D:9      | Killed a two-headed ogre
  7478 | D:9      | Reached XP level 11. HP: 49/68 MP: 11/11
  7528 | D:9      | XOM: god gift: wand of iceblast (10)
  7548 | D:9      | XOM: summons friendly iron imp
  7670 | D:9      | XOM: god gift: purple potion {god gift}
  7812 | D:10     | Entered Level 10 of the Dungeon
  7882 | D:10     | Got a shimmering mace
  7883 | D:10     | Identified the +7 mace of the Sea {freeze, rC- rN+ MR++}
                  | (You found it on level 10 of the Dungeon)
  7915 | D:10     | Reached skill level 1 in Evocations
  7944 | D:10     | Found a staircase to the Orcish Mines.
  7950 | D:10     | XOM: noise
  7967 | D:10     | XOM: confuse monster(s)
  7968 | D:10     | XOM: harmless Chrm miscast
  8102 | D:10     | Found Ryrhapt's Food Emporium.
  8478 | D:11     | Noticed a cyan ugly thing
  8521 | D:11     | Found a portal to a secret trove of treasure.
  8521 | D:11     | Noticed an unseen horror
  8521 | D:11     | Noticed an unseen horror
  8526 | D:11     | Killed an unseen horror
  8530 | D:11     | Killed an unseen horror
  8534 | D:10     | XOM: cast spell 'Discord'
  8653 | D:11     | XOM: give mutations
  8653 | D:11     | Gained mutation: Your spells are a little harder to cast,
                  | but a little more powerful. [Xom's grace]
  8653 | D:11     | Gained mutation: Your large and strong wings let you fly
                  | indefinitely. [Xom's grace]
  8653 | D:11     | Gained mutation: Your mind is acute. (Int +2) [Xom's grace]
  8653 | D:11     | Gained mutation: You are robust. (+10% HP) [Xom's grace]
  8678 | D:11     | XOM: fog
  8762 | D:11     | XOM: confuse monster(s)
  8765 | D:11     | XOM: potion effect (might)
  8797 | D:11     | XOM: divination: detect items
  8799 | D:11     | XOM: cast spell 'Summon Butterflies'
  8811 | D:11     | XOM: harmless Summ miscast
  8825 | D:11     | Found a staircase to the Lair.
  8837 | D:11     | XOM: 1-stop teleportation journey
  8838 | D:11     | XOM: summons 3 friendly demons
  8872 | D:11     | XOM: swap monsters
  9035 | D:11     | XOM: noise
  9036 | D:11     | XOM: enchant monster (good)
  9366 | D:11     | XOM: divination: magic mapping
  9401 | D:12     | Noticed a two-headed ogre
  9404 | D:12     | XOM: harmless Tloc miscast
  9414 | D:12     | XOM: noise
  9419 | D:12     | Killed a two-headed ogre
  9419 | D:12     | Reached XP level 12. HP: 60/84 MP: 11/15
  9455 | D:12     | XOM: divination: detect items
  9468 | D:12     | Reached skill level 10 in Fighting
  9477 | D:12     | XOM: swap monsters
  9478 | D:12     | XOM: divination: magic mapping
  9489 | D:12     | XOM: enchant monster (bad)
  9490 | D:12     | XOM: noise
  9493 | D:12     | XOM: give mutations
  9493 | D:12     | Lost mutation: You are clumsy. (Dex -2) [Xom's mischief]
  9493 | D:12     | Lost mutation: You expend magic power (3 MP) to strengthen
                  | your wands. [Xom's mischief]
  9493 | D:12     | Lost mutation: Your spells are a little harder to cast, but
                  | a little more powerful. [Xom's mischief]
  9493 | D:12     | Gained mutation: You have razor-sharp toenails. [Xom's
                  | mischief]
  9495 | D:12     | XOM: enchant monster (bad)
  9552 | D:12     | Noticed Tinen's ghost (journeyman TrMo)
  9553 | D:12     | Found a transporter.
  9553 | D:12     | Identified the +6 great mace of Sirrysk {flame, MR+ Dex+3}
  9553 | D:12     | Noticed a fire giant
  9554 | D:12     | Noticed a two-headed ogre
  9554 | D:12     | Noticed a two-headed ogre
  9556 | D:12     | Found a transporter.
  9587 | D:12     | Noticed a two-headed ogre
  9592 | D:12     | Killed a two-headed ogre
  9598 | D:12     | Noticed a two-headed ogre
  9598 | D:12     | Noticed a two-headed ogre
  9599 | D:12     | Noticed an ogre mage
  9604 | D:12     | Noticed a two-headed ogre
  9610 | D:12     | Killed a two-headed ogre
  9610 | D:12     | Reached skill level 5 in Evocations
  9617 | D:12     | XOM: 3-stop teleportation journey
  9768 | D:12     | XOM: 1-stop teleportation journey
  9777 | D:12     | XOM: enchant monster (bad)
 10004 | D:12     | XOM: noise
 10119 | D:12     | XOM: harmless Air miscast
 10119 | D:12     | Noticed a two-headed ogre
 10121 | D:12     | Killed a two-headed ogre
 10130 | D:12     | Killed an ogre mage
 10132 | D:12     | Killed a two-headed ogre
 10140 | D:12     | XOM: mild Summ miscast
 10278 | D:13     | Noticed a rakshasa
 10282 | D:13     | XOM: fog
 10289 | D:13     | XOM: give mutations
 10289 | D:13     | Lost mutation: Your mind is acute. (Int +2) [Xom's
                  | mischief]
 10289 | D:13     | Lost mutation: You are robust. (+10% HP) [Xom's mischief]
 10289 | D:13     | Lost mutation: You possess an exceptional clarity of mind.
                  | [Xom's mischief]
 10295 | D:13     | Killed a rakshasa
 10301 | D:13     | Noticed a four-headed hydra
 10301 | D:13     | Noticed an ettin
 10309 | D:13     | XOM: give mutations
 10309 | D:13     | Lost mutation: You are partially covered in icy blue
                  | scales. (AC +2) [Xom's mischief]
 10309 | D:13     | Lost mutation: Your natural rate of healing is unusually
                  | fast. [Xom's mischief]
 10318 | D:13     | Noticed a ghost moth
 10318 | D:13     | an ettin changed into a ghost moth
 10318 | D:13     | XOM: polymorph ettin -> ghost moth
 10375 | Lair:1   | Entered Level 1 of the Lair of Beasts
 10395 | Lair:1   | Got a flickering silver ring
 10397 | Lair:1   | Identified the ring of Jugeaka {rPois Str+4} (You found it
                  | on level 1 of the Lair of Beasts)
 10419 | Lair:1   | XOM: polymorph yak -> yaktaur
 10420 | Lair:1   | XOM: polymorph yaktaur -> mana viper
 10421 | Lair:1   | Noticed a two-headed ogre
 10421 | Lair:1   | a mana viper changed into a two-headed ogre
 10421 | Lair:1   | XOM: polymorph mana viper -> two-headed ogre
 10422 | Lair:1   | XOM: give mutations
 10422 | Lair:1   | Gained mutation: Scrolls take you a little longer to read.
                  | [Xom's mischief]
 10422 | Lair:1   | Gained mutation: Scrolls take you longer to read. [Xom's
                  | mischief]
 10432 | Lair:1   | XOM: 5-stop teleportation journey
 10443 | Lair:1   | Killed a two-headed ogre
 10456 | Lair:1   | XOM: enchant monster (good)
 10600 | Lair:1   | Reached XP level 13. HP: 71/84 MP: 18/18
 10851 | Lair:1   | XOM: scenery: create altars
 11106 | Lair:1   | XOM: give mutations
 11106 | Lair:1   | Gained mutation: Your muscles are strong. (Str +2) [Xom's
                  | grace]
 11106 | Lair:1   | Gained mutation: You are somewhat resistant to further
                  | mutation. [Xom's grace]
 11106 | Lair:1   | Gained mutation: You passively map a small area around you.
                  | [Xom's grace]
 11213 | Lair:2   | XOM: give mutation
 11213 | Lair:2   | Gained mutation: You are partially covered in icy blue
                  | scales. (AC +2) [Xom's grace]
 11245 | Lair:2   | Noticed Weahiuno's ghost (journeyman DEFE)
 11247 | Lair:2   | XOM: god gift: pair of embroidered boots {god gift}
 11389 | Lair:2   | Found a runed translucent gate.
 11390 | Lair:2   | Found a runed translucent gate.
 11394 | Lair:2   | Found a runed translucent gate.
 11421 | Lair:2   | XOM: destruction
 11449 | Lair:2   | XOM: divine lightning
 11475 | Lair:2   | XOM: summons 5 friendly demons
 11702 | Lair:2   | Got a warped leather armour
 11732 | Lair:2   | XOM: god gift: moonstone ring {god gift}
 12143 | Lair:2   | XOM: noise
 12160 | Lair:2   | XOM: harmless Conj miscast
 12168 | Lair:2   | Killed Weahiuno's ghost
 12213 | Lair:2   | Identified the +2 leather armour of Trog's Esteem {Int+3}
                  | (You found it on level 2 of the Lair of Beasts)
 12374 | Lair:3   | XOM: harmless Ice miscast
 12414 | Lair:3   | Got a dazzling hand crossbow
 12415 | Lair:3   | Identified the +9 hand crossbow of Meba Bism {elec, Fragile
                  | MP+9 Dex+9 SInv} (You found it on level 3 of the Lair of
                  | Beasts)
 12593 | Lair:3   | XOM: harmless Pois miscast
 12789 | Lair:3   | Found a staircase to the Swamp.
 13248 | Lair:4   | XOM: mild Necr miscast
 13271 | Lair:4   | Found a hole to the Spider Nest.
 13531 | Lair:4   | XOM: draining
 13542 | Lair:4   | Got a crude robe
 13590 | Lair:4   | XOM: harmless Chrm miscast
 13899 | Lair:4   | XOM is BORED!
 13965 | Lair:4   | XOM: silly message
 14079 | Lair:4   | XOM: cloud trail
 14147 | Lair:5   | Found a snail-covered altar of Cheibriados.
 14156 | Lair:5   | Found a staircase to the Slime Pits.
 14156 | Lair:5   | Found a viscous altar of Jiyva.
 14191 | Lair:5   | Reached skill level 10 in Maces & Flails
 14313 | Lair:5   | XOM: confuse monster(s)
 14331 | Lair:5   | XOM: potion effect (curing)
 14423 | Lair:5   | XOM: summons 1 hostile shadow creature
 14552 | Lair:5   | Mutation became permanent: Your large and strong wings let
                  | you fly indefinitely. [Gargoyle growth]
 14552 | Lair:5   | Gained mutation: Your large and strong wings let you fly
                  | indefinitely. [Gargoyle growth]
 14552 | Lair:5   | Reached XP level 14. HP: 81/90 MP: 19/21
 14760 | Lair:5   | XOM: fog
 15023 | Lair:5   | XOM: god gift: dented garnet amulet {god gift}
 15030 | Lair:5   | XOM: scenery: create altars
 15365 | Lair:5   | XOM: god gift: 51 gold pieces
 15449 | Lair:5   | XOM: scenery: create altars
 15494 | Lair:6   | Entered Level 6 of the Lair of Beasts
 15494 | Lair:6   | XOM: cleaving
 15496 | Lair:6   | XOM: scenery: create altars
 15502 | Lair:6   | XOM: fake destruction
 15509 | Lair:6   | XOM: scenery: create altars
 15530 | Lair:6   | XOM: scenery: create altars
 15630 | Lair:6   | XOM: 2-stop teleportation journey
 15711 | Lair:6   | Found a runed translucent door.
 15738 | Lair:6   | XOM: cleaving
 15806 | Lair:6   | XOM: scenery: 1 doors close
 15807 | Lair:6   | XOM: summons friendly crimson imp
 15808 | Lair:6   | XOM: summons 5 friendly demons
 15844 | Lair:6   | Reached skill level 10 in Evocations
 16460 | Lair:6   | XOM: god gift: scroll labeled NICUAT KIUWK {god gift}
 16553 | Lair:6   | XOM: 1-stop teleportation journey
 16561 | Lair:5   | XOM: scenery: create altars
 16563 | Lair:5   | XOM: polymorph elephant -> shapeshifter
 16565 | Lair:5   | XOM: snakes to sticks
 16567 | Lair:5   | XOM: confuse monster(s)
 16601 | Lair:6   | XOM: god gift: ration
 17065 | Lair:6   | XOM: potion effect (brilliance)
 17067 | Lair:6   | XOM: divination: detect items
 17068 | Lair:6   | XOM: potion effect (agility)
 17088 | Lair:6   | XOM: potion effect (agility)
 17598 | Lair:6   | Learned a level 1 spell: Apportation
 17680 | Lair:6   | XOM: potion effect (berserk rage)
 17826 | Orc:1    | Entered Level 1 of the Orcish Mines
 17914 | Orc:1    | Found a roughly hewn altar of Beogh.
 17964 | Orc:1    | Noticed an orc warlord
 17979 | Orc:1    | XOM: enchant monster (bad)
 18067 | D:10     | XOM: summons 1 hostile demon
 18073 | D:10     | Killed an orc warlord
 18287 | Orc:1    | XOM: stat loss: -1 Int (9/11)
 18317 | Orc:2    | Entered Level 2 of the Orcish Mines
 18424 | Orc:2    | Found Pyapam's General Store.
 18424 | Orc:2    | Found Santix's Antique Weapon Boutique.
 18425 | Orc:2    | XOM: chaos upgrade
 18425 | Orc:2    | XOM: smoke on damage
 18465 | Orc:1    | XOM: cast spell 'Ring of Flames'
 18533 | Orc:2    | Noticed a stone giant
 18538 | Orc:2    | XOM: confuse monster(s)
 18553 | Orc:1    | Slain by a stone giant

Levels and vault maps discovered:
D:1:      minmay_arrival_hallway, layout_rooms
D:2:      layout_loops_ring, nicolae_gozag_seed_capital
D:3:      layout_loops_ring, nicolae_overflow_hidden_temple, minmay_ruptured,
          uniq_terence
D:4:      layout_rooms, lemuel_blue_sif_altar, nicolae_qazlal_general_emergency,
          serial_shops, shop, kennysheep_orc_chapel
D:5:      layout_loops_corners, first_ration, serial_shops, shop, uniq_ijyb
D:6:      layout_loops_cross, okawaru_ov_weapons_minmay, serial_shops,
          nicolae_shop_stone, gup_sewer_entry_spiral, hangedman_decor_growths
D:7:      layout_basic, fedhas_bush_and_centaur_altar,
          minmay_temple_entry_statues_fountains, serial_shops, kennysheep_mini,
          kennysheep_generic_room_16, uniq_menkaure, uniq_harold
D:8:      layout_rooms, chequers_serial_rivers_micro_b
D:9:      layout_loops_cross, uniq_joseph
D:10:     layout_basic, erik_orc_4, serial_shops, nicolae_shop_behind_doors
D:11:     layout_roguey, grunt_lair_entry_orc_guard_hut, enter_trove_0,
          blue_anna_alchemist [blue_anna_fruit_fields, blue_anna_fruit_fields],
          corexii_corridor_pit
D:12:     layout_roguey, gammafunk_ghost_smash
D:13:     layout_roguey, david_vaults_4, enter_bailey_8,
          portal_ice_cave_entry_ice_beasts, roderic_batcave, evilmike_butchery
Lair:1:   layout_roguey
Lair:2:   layout_regular_city, gammafunk_ghost_split, st_stairs_12,
          serial_bayou_shore_b
Lair:3:   layout_gridlike, palyth_hydra_swamp_entry
Lair:4:   layout_roguey, dummy_spider_entry, serial_forest,
          infiniplex_forest_clump_diagonal, infiniplex_forest_end_1,
          infiniplex_forest_clump_medium, infiniplex_forest_straight_1,
          infiniplex_forest_straight_3, infiniplex_forest_end_double,
          infiniplex_forest_straight_3, infiniplex_staircase_pool_2
Lair:5:   wad_woods_structure_01, layout_regular_city, slime_altar_1,
          basic_altar
Lair:6:   guppyfry_lair_end_dragon, layout_gridlike, wormcave,
          serial_bayou_shore_b, infiniplex_staircase_pool, serial_bayou_shore_b,
          lemuel_fruit_tree
Orc:1:    layout_diamond_mine, basic_altar
Orc:2:    grunt_orc_gardens, layout_caves, grunt_orc_garden, grunt_orc_garden,
          grunt_orc_garden, grunt_orc_garden, guppyfry_library_mini

Skill      XL: |  1  2  3  4  5  6  7  8  9 10 11 12 13 14 |
---------------+-------------------------------------------+-----
Shields        | 4 5 6 8 9 10 11 12 13 | 13.8
Fighting       | 4 5 6 7 8 9 11 | 11.2
Armour         | 4 5 6 7 9 10 11 12 13 | 13.5
Maces & Flails | 3 4 5 6 8 9 10 | 10.9
Evocations     | 4 6 9 10 | 10.6

Action                   |  1- 3 |  4- 6 |  7- 9 | 10-12 | 13-15 || total
-------------------------+-------+-------+-------+-------+-------++-------
Melee: Flail             |   217 |   474 |   423 |   374 |       ||  1488
       Kick              |       |       |    86 |   205 |   299 ||   590
       Bite              |       |       |    34 |    98 |   118 ||   250
       Mace              |       |       |       |   491 |   767 ||  1258
 Fire: Hand crossbow     |       |       |       |       |   137 ||   137
Throw: Stone             |       |     2 |       |       |       ||     2
       Dart              |       |       |     3 |    24 |       ||    27
       Boomerang         |       |       |       |     1 |     6 ||     7
       Throwing net      |       |       |       |       |     4 ||     4
 Abil: Fly               |       |       |       |       |     1 ||     1
Evoke: Wand              |       |       |       |     1 |       ||     1
       Fan of gales      |       |       |       |     1 |       ||     1
  Use: Scroll            |       |     6 |       |       |    18 ||    24
       Potion            |       |       |     4 |     1 |     4 ||     9
 Stab: Invisible         |       |     4 |       |       |       ||     4
       Confused          |       |       |       |     2 |     1 ||     3
       Petrified         |       |       |       |       |     3 ||     3
       Petrifying        |       |       |       |       |     1 ||     1
  Eat: Chunk             |     2 |     8 |    10 |    17 |    23 ||    60
       Ration            |       |       |       |       |     1 ||     1
Armor: Scale mail        |   140 |    59 |       |       |       ||   199
       Plate armour      |       |   345 |   349 |   550 |   375 ||  1619
       Skin              |       |       |       |       |    13 ||    13
Dodge: Dodged            |    79 |   149 |    87 |   189 |   174 ||   678
Block: Shield            |   131 |   380 |   322 |   533 |   527 ||  1893
